 Dungeon Crawl Stone Soup version 0.19-a0-713-g934ebc7 (webtiles) character file.

1471 Ijustatesigmund the Conjurer (level 8, -5/46 HPs)
             Began as a Deep Elf Conjurer on June 20, 2016.
             Was a Follower of Sif Muna.
             Slain by a hippogriff (8 damage)
             ... on level 8 of the Dungeon.
             The game lasted 00:23:25 (6710 turns).

Ijustatesigmund the Conjurer (Deep Elf Conjurer)    Turns: 6710, Time: 00:23:26

Health: -5/46      AC:  3    Str:  5    XL:     8   Next: 49%
Magic:  2/16       EV: 14    Int: 21    God:    Sif Muna [*.....]
Gold:   544        SH:  0    Dex: 17    Spells: 5 memorised, 0 levels left

rFire  . . .     SeeInvis .     f - +4 dagger (flame)
rCold  . . .     Gourm    .     a - +0 robe
rNeg   . . .     Faith    .     (no shield)
rPois  .         Spirit   .     e - +0 helmet
rElec  .         Dismiss  .     (no cloak)
rCorr  .         Reflect  .     (no gloves)
SustAt .         Harm     .     (no boots)
MR     .....                    (no amulet)
Stlth  +++.......               (no ring)
                                (no ring)

@: not resistant to hostile enchantments, fairly stealthy
A: no striking features
a: Channel Energy, Renounce Religion


You were on level 8 of the Dungeon.
You worshipped Sif Muna.
Sif Muna was aware of your devotion.
You were hungry.

You visited 1 branch of the dungeon, and saw 8 of its levels.
You also visited: Ossuary.

You collected 544 gold pieces.

Inventory:

Hand Weapons
 f - a +4 dagger of flaming (weapon)
Missiles
 l - 10 tomahawks (quivered)
Armour
 a - a +0 robe (worn)
 e - a +0 helmet (worn)
Wands
 k - a wand of enslavement (24/24)
 o - a wand of slowing (5/48)
 v - a wand of flame (32/48)
Scrolls
 g - 4 scrolls of teleportation
 m - 3 scrolls of remove curse
Potions
 d - a potion of might
 i - 3 potions of curing
 j - 2 potions of lignification
 n - 3 potions of brilliance
 p - 3 potions of resistance
 q - a potion of haste {unknown}
 r - a potion of ambrosia {unknown}
 s - 2 potions of mutation {unknown}
 t - 2 potions of flight {unknown}
 u - a potion of magic {unknown}
 w - a potion of degeneration {unknown}
Books
 b - a book of Conjurations

   Spells                             Type                      Level
   a - Magic Dart                     Conjuration                  1
   b - Searing Ray                    Conjuration                  2
   c - Dazzling Spray                 Conjuration/Hexes            3
   d - Fulminant Prism                Conjuration/Hexes            4
   e - Iskenderun's Mystic Blast      Conjuration                  4
   f - Iskenderun's Battlesphere      Conjuration/Charms           5
Comestibles
 c - 4 bread rations
 x - 3 fruits


   Skills:
 - Level 3.0 Fighting
 - Level 4.0 Short Blades
 - Level 4.1 Dodging
 - Level 4.2 Stealth
 - Level 4.0 Spellcasting
 + Level 6.0 Conjurations
 + Level 5.6 Hexes
 + Level 5.7 Charms
 - Level 2.4 Invocations


You couldn't memorise any spells.
You knew the following spells:

 Your Spells              Type           Power        Failure   Level  Hunger
a - Magic Dart            Conj           ####         1%          1    None
b - Searing Ray           Conj           ####..       1%          2    #......
c - Dazzling Spray        Conj/Hex       ####..       3%          3    ###....
d - Iskenderun's Mystic   Conj           ####....     12%         4    ####...
e - Iskenderun's Battles  Conj/Chrm      ####....     34%         5    ######.


Dungeon Overview and Level Annotations

Branches:
Dungeon (8/15)             Temple (0/1) D:6
   Lair: D:8-11

Altars:
Elyvilon
Fedhas
Gozag
Qazlal
Sif Muna
Vehumet

Annotations:
D:7 ololoev's ghost, novice SpGl


Message History

Confirm with . or Enter, or press ? or * to list all spells.
Aiming: Dazzling Spray
Press: ? - help, Shift-Dir - straight line, f/p - hippogriff
Aim: a hippogriff (severely wounded)
The spray of energy misses the hippogriff.
The hippogriff barely misses you.
The hippogriff pecks you but does no damage.
The hippogriff claws you.
* * * LOW HITPOINT WARNING * * *
Casting: Dazzling Spray
Confirm with . or Enter, or press ? or * to list all spells.
Aiming: Iskenderun's Mystic Blast
Press: ? - help, Shift-Dir - straight line, f/p - hippogriff
Aim: a hippogriff (severely wounded)
The orb of energy hits the hippogriff.
The hippogriff is severely wounded.
The orb of energy explodes!
You hear a shout! x3
The hippogriff completely misses you. The hippogriff pecks you!
You die...

#. .. #
#.##.#.#
.....#.
..... ....
##.. #
##.H#.#.#..
#..@.......
#...###.#..
+..## #<.
#.. #.. #..
...


You could see a hippogriff.

Vanquished Creatures
  An ogre (D:4)
  A necrophage (D:6)
  4 centaurs (D:6)
  2 giant frogs (D:6)
  A gnoll sergeant (D:5)
  A scorpion (D:5)
  2 crimson imps (D:6)
  A jelly (D:6)
  An orc priest (D:4)
  A centaur skeleton (D:5)
  2 hounds
  An orc wizard (D:4)
  3 iguanas
  Natasha (twice) (D:3)
  2 worker ants
  8 mummies (Ossuary)
  6 gnolls
  A howler monkey skeleton (D:6)
  10 adders
  An ooze (D:5)
  An adder skeleton (D:6)
  A worm (D:4)
  A dart slug (D:3)
  2 giant geckos
  9 orcs
  7 giant cockroaches
  A gnoll zombie (Ossuary)
  4 goblins
  5 hobgoblins
  5 kobolds
  A quokka (D:3)
  6 bats
  4 giant newts
  4 hobgoblin zombies (Ossuary)
  2 kobold zombies (Ossuary)
  An orc zombie (Ossuary)
  A quokka zombie (D:5)
  4 rats
110 creatures vanquished.

Vanquished Creatures (others)
  An orc wizard (D:5)
  An orc (D:5)
2 creatures vanquished.

Grand Total: 112 creatures vanquished

Notes
Turn   | Place    | Note
--------------------------------------------------------------
     0 | D:1      | Ijustatesigmund the Deep Elf Conjurer began the quest for the Orb.
     0 | D:1      | Reached XP level 1. HP: 10/10 MP: 6/6
   502 | D:1      | Reached XP level 2. HP: 15/15 MP: 4/8
   506 | D:1      | Learned a level 2 spell: Searing Ray
   672 | D:2      | Found a faded altar of an unknown god.
   724 | D:2      | Found a blossoming altar of Fedhas.
  1134 | D:2      | Reached XP level 3. HP: 19/19 MP: 7/9
  2123 | D:3      | Found an opulent altar of Gozag.
  2129 | D:3      | Noticed Natasha
  2134 | D:3      | Killed Natasha
  2134 | D:3      | Reached skill level 1 in Short Blades
  2134 | D:3      | Reached XP level 4. HP: 24/24 MP: 4/10
  2184 | D:3      | Learned a level 3 spell: Dazzling Spray
  2487 | D:3      | Noticed Natasha
  2489 | D:3      | Killed Natasha
  2489 | D:3      | Reached skill level 1 in Hexes
  2582 | D:4      | Noticed an ogre
  2665 | D:4      | Killed an ogre
  2665 | D:4      | Reached XP level 5. HP: 28/28 MP: 3/11
  2731 | D:4      | Learned a level 4 spell: Iskenderun's Mystic Blast
  2805 | D:5      | Entered Level 5 of the Dungeon
  2806 | D:5      | Found a radiant altar of Vehumet.
  2821 | D:5      | Reached XP level 6. HP: 24/32 MP: 0/12
  2960 | D:5      | Reached skill level 5 in Conjurations
  3111 | D:5      | Found a stormy altar of Qazlal.
  3166 | D:5      | Found a sand-covered staircase.
  3171 | Ossuary  | Entered an ossuary
  3763 | Ossuary  | Reached XP level 7. HP: 23/36 MP: 2/13
  4225 | D:4      | Found a white marble altar of Elyvilon.
  4393 | D:4      | Reached skill level 1 in Fighting
  5235 | D:5      | Found a deep blue altar of Sif Muna.
  5238 | D:5      | Became a worshipper of Sif Muna the Loreminder
  5343 | D:6      | Reached skill level 1 in Invocations
  5506 | D:6      | Found a staircase to the Ecumenical Temple.
  5613 | D:6      | Reached skill level 5 in Hexes
  5613 | D:6      | Reached XP level 8. HP: 44/46 MP: 7/15
  5735 | D:6      | Reached skill level 6 in Conjurations
  5742 | D:6      | Learned a level 5 spell: Iskenderun's Battlesphere
  5826 | D:6      | Reached skill level 1 in Charms
  6035 | D:6      | Reached * piety under Sif Muna
  6387 | D:6      | Reached skill level 5 in Charms
  6571 | D:7      | Noticed ololoev's ghost (novice SpGl)
  6709 | D:8      | HP: 2/46 [hippogriff (6)]
  6710 | D:8      | Slain by a hippogriff

Vault maps used:
D:1:      dpeg_arrival_line_fractal
D:2:      ecumenical_altar_2, fedhas_altar_2
D:3:      nicolae_overflow_crystal_walls, uniq_natasha
D:4:      elyvilon_altar_1, first_bread
D:5:      vehumet_altar_wand_db, lemuel_blue_sif_altar,
          nicolae_ossuary_entry_plus, roderic_malta_cross, grunt_qazlal_clouds
D:6:      minmay_temple_entry_glass
D:7:      gammafunk_temple_overflow_wave, kennysheep_mini_moat,
          grunt_temple_overflow_diamond
D:8:      grunt_temple_overflow_bloody_war
Ossuary:  ossuary_tomb_3

Skill      XL: |  1  2  3  4  5  6  7  8 |
---------------+-------------------------+-----
Stealth        | 3 4 |  4.2
Dodging        | 3 4 |  4.1
Short Blades   | 1 2 3 4 |  4.0
Hexes          | 3 4 5 |  5.6
Conjurations   | 5 6 |  6.0
Fighting       | 3 |  3.0
Invocations    | 2 |  2.4
Spellcasting   | 4 |  4.0
Charms         | 5 |  5.7

Action                   |  1- 3 |  4- 6 |  7- 9 || total
-------------------------+-------+-------+-------++-------
Melee: Dagger            |    10 |    25 |    44 ||    79
Throw: Tomahawk          |       |     1 |       ||     1
 Cast: Magic Dart        |    77 |    81 |   113 ||   271
       Searing Ray       |     1 |     7 |     4 ||    12
       Iskenderun's Myst |       |     1 |     5 ||     6
       Dazzling Spray    |       |       |     1 ||     1
  Use: Scroll            |     6 |     1 |     9 ||    16
       Potion            |       |     1 |     8 ||     9
 Stab: Sleeping          |     1 |     1 |     4 ||     6
  Eat: Chunk             |     3 |     4 |     1 ||     8
       Pizza             |       |     1 |       ||     1
       Bread ration      |       |       |     2 ||     2
Armor: Robe              |     2 |     6 |     7 ||    15
Dodge: Dodged            |    21 |    41 |    44 ||   106
